 Dungeon Crawl Stone Soup version 0.25-a0-578-gc91f01c39c (webtiles) character file.

Game seed: 5429855962342456620, levelgen mode: deterministic

44 Veres the Digger (level 3, -4/19 HPs)
             Began as a Gargoyle Earth Elementalist on Mar 4, 2020.
             Slain by Terence
             ... wielding a +2 hand axe of flaming
              (9 damage)
             ... on level 2 of the Dungeon.
             The game lasted 00:04:37 (2254 turns).

Veres the Digger (Gargoyle Earth Elementalist)      Turns: 2254, Time: 00:04:38

Health: -4/19      AC:  5    Str: 11    XL:     3   Next: 60%
Magic:  4/7        EV: 12    Int: 16    God:
Gold:   79         SH:  0    Dex: 10    Spells: 3/7 levels left

rFire    . . .     SeeInvis .   q - +0 dagger (venom)
rCold    . . .     Gourm    .   (no shield)
rNeg     + . .     Faith    .   c - +0 robe
rPois    ∞         Spirit   .   (no helmet)
rElec    +         Reflect  .   (no cloak)
rCorr    .         Harm     .   (no gloves)
MR       .....                  (no boots)
Stlth    ++........             (no amulet)
HPRegen  0.06/turn              (no ring)
MPRegen  0.10/turn              (no ring)

@: no status effects
A: negative energy resistance 1, electricity resistance, unbreathing,
petrification resistance, rot immunity, AC +3
a: no special abilities


You were on level 2 of the Dungeon.
You were not hungry.

You visited 1 branch of the dungeon, and saw 2 of its levels.

You collected 79 gold pieces.

Inventory:

Hand Weapons
 q - a +0 dagger of venom (weapon)
 r - a +0 mace
Missiles
 b - 72 stones (quivered)
Armour
 c - a +0 robe (worn)
Scrolls
 g - 3 scrolls of identify {unknown}
 h - 2 scrolls of immolation {unknown}
 j - a scroll of amnesia {unknown}
 k - a scroll of noise {unknown}
 n - a scroll of teleportation {unknown}
 o - 2 scrolls of remove curse {unknown}
Potions
 a - a potion of curing {unknown}
 e - a potion of berserk rage {unknown}
 f - 3 potions of heal wounds {unknown}
 i - a potion of might {unknown}
 l - 2 potions of mutation {unknown}
 m - a potion of haste {unknown}
Comestibles
 d - 7 rations
 p - 4 chunks of flesh


   Skills:
 - Level 1.5 Dodging
 - Level 2.1 Stealth
 + Level 2.8 Spellcasting
 + Level 0.7 Conjurations
   Level 0.7 Transmutations
 + Level 4.5 Earth Magic


You had 3 spell levels left.
You knew the following spells:

 Your Spells              Type           Power        Failure   Level  Hunger
a - Sandblast             Erth           ###...       3%          1    #......
b - Stone Arrow           Conj/Erth      ##....       19%         3    ###....

Your spell library contained the following spells:

 Spells                   Type           Power        Failure   Level  Hunger
 Passwall                 Tmut/Erth      ##......     10%         2    ##.....
 Petrify                  Tmut/Erth      ##......     54%         4    #####..
 Lee's Rapid Deconstruct  Erth           ###.......   63%         5    ######.


Dungeon Overview and Level Annotations

Branches:
Dungeon (2/15)

Altars:
Qazlal

Annotations:
D:2 Terence


Innate Abilities, Weirdness & Mutations

You are resistant to torment.
Your stone body is resilient. (AC +3)
You are immune to poison.
You resist negative energy. (rN+)
You are resistant to electric shocks. (rElec)
You can survive without breathing.
You are immune to petrification.
You are immune to rotting.


Message History

The blast of sand hits the bat!
You kill the bat!
b - 74 stones
Casting: Sandblast (safe; 3% risk of failure)
Confirm with . or Enter, or press ? or * to list all spells.
Aiming: Sandblast (safe; 3% risk of failure)
Press: ? - help, Shift-Dir - straight line, f - Terence
Aim: Terence, wielding a +2 hand axe of flaming and wearing a +0 scale mail (almost dead, very poisoned)
The blast of sand misses Terence.
b - 73 stones
Casting: Sandblast (safe; 3% risk of failure)
Confirm with . or Enter, or press ? or * to list all spells.
Aiming: Sandblast (safe; 3% risk of failure)
Press: ? - help, Shift-Dir - straight line, f/p - Terence
Aim: Terence, wielding a +2 hand axe of flaming and wearing a +0 scale mail (almost dead, very poisoned)
The blast of sand hits Terence but does no damage.
Terence is almost dead.
b - 72 stones Terence hits you with a +2 hand axe of flaming!
You die...

#########
#.......#
#.#####.#
##########.#####.#
#.......##.##.....
#.#####.##.##.##.#
#@# #.##.......#
##@## #.#####.####
#...# #(......#
#.#.############
...#....#
#.#####..# #.
#....# # #.....#
.......#


You could see Terence.

Vanquished Creatures
  An ooze (D:1)
  A worm (D:2)
  A dart slug (D:2)
  A leopard gecko (D:1)
  5 bats
  3 giant cockroaches (D:1)
  4 goblins
  5 hobgoblins
  4 kobolds
  2 quokkas (D:2)
  2 frilled lizards
  3 rats (D:1)
32 creatures vanquished.

Notes
Turn   | Place    | Note
-------+----------+-------------------------------------------
     0 | D:1      | Veres the Gargoyle Earth Elementalist began the quest for
                  | the Orb.
     0 | D:1      | Reached XP level 1. HP: 10/10 MP: 3/3
   341 | D:1      | Reached skill level 4 in Earth Magic
   341 | D:1      | Reached XP level 2. HP: 15/15 MP: 3/5
   930 | D:1      | Reached XP level 3. HP: 19/19 MP: 6/6
   935 | D:1      | Learned a level 3 spell: Stone Arrow
  1338 | D:2      | Found a stormy altar of Qazlal.
  2239 | D:2      | Noticed Terence
  2254 | D:2      | Slain by Terence

Levels and vault maps discovered:
D:1:      wheals_arrival_shading, layout_basic, supply_closet_lemuel
D:2:      layout_loops_cross, lemuel_coloured_pillars_altar,
          nicolae_qazlal_general_emergency, uniq_terence

Skill      XL: |  1 |
---------------+----+-----
Earth Magic    | 4 |  4.5
Dodging        | |  1.5
Stealth        | |  2.1
Spellcasting   | |  2.8
Conjurations   | |  0.7
Transmutations | |  0.7

Action                   || total
-------------------------++-------
Melee: Unarmed           ||    18
       Club              ||    55
       Dagger            ||    78
 Cast: Sandblast         ||    21
 Stab: Sleeping          ||     3
  Eat: Chunk             ||     5
Armor: Robe              ||    55
Dodge: Dodged            ||   116

Table legend:
 A = Non-vault XP
 B = Vault XP
 C = Vault XP percentage of total XP
 D = Non-vault monster count
 E = Vault monster count
 F = Vault count percentage of total count
                 A         B        C        D         E       F
            +---------+---------+-------+---------+---------+-------
      Total |      63 |       0 |   0.0 |      32 |       0 |   0.0
            +---------+---------+-------+---------+---------+-------
        D:1 |      36 |       0 |   0.0 |      18 |       0 |   0.0
        D:2 |      27 |       0 |   0.0 |      14 |       0 |   0.0
            +---------+---------+-------+---------+---------+-------
